 Dungeon Crawl Stone Soup version 0.28-a0-1629-gf728b707aa (webtiles) character file.

Game seed: 12782028441117640296

3323 porpoise the Fighter (level 10, -10/80 HPs)
             Began as a Djinni Conjurer on Jan 25, 2022.
             Was a Follower of Ashenzari.
             Mangled by a boulder beetle (29 damage)
             ... on level 7 of the Dungeon.
             The game lasted 00:41:22 (10702 turns).

porpoise the Fighter (Djinni Conjurer)             Turns: 10702, Time: 00:41:23

Health: -10/80     AC:  7    Str: 10    XL:     10   Next: 21%
Gold:   527        EV: 12    Int: 20    God:    Ashenzari [*.....] SH:  6 Dex: 12

rFire   + + .      SeeInvis .   b - +0 hunting sling
rCold   x . .      Faith    .   c - +2 buckler
rNeg    . . .      Spirit   .   I - +0 steam dragon scales "Overhang to Understand" {Fort, Self} (curse)
rPois   ∞          Reflect  .   l - +0 helmet
rElec   .          Harm     .   (no cloak)
rCorr   .          Rampage  .   r - +0 pair of gloves
Will    +....                   (boots unavailable)
Stlth   +++.......              v - amulet "Cursed With Me" {Regen+, Cun, Self} (curse)
HPRegen 1.03/turn               s - ring of wizardry
MPRegen 0.00/turn               (no ring)

@: flying, studying Stealth
A: sickness immunity, fire resistance 2, cold vulnerability 1, float, innate
caster, hp casting, extra vitality 1
a: Renounce Religion, Curse Item, Shatter the Chains


You were on level 7 of the Dungeon.
You worshipped Ashenzari.
Ashenzari was aware of your devotion.
You visited 1 branch of the dungeon, and saw 8 of its levels.
You also visited: Ossuary.

You collected 527 gold pieces.

Inventory:

Hand Weapons
 a - a +2 whip of electrocution
 b - a +0 hunting sling (weapon)
 t - a +2 vampiric short sword
Missiles
 g - 233 stones
 n - 18 sling bullets (quivered ammo)
 o - 29 arrows
 q - 6 boomerangs
 B - 2 poisoned darts (quivered)
 D - 49 bolts
Armour
 c - a +2 buckler (worn)
 l - a +0 helmet (worn)
 r - a +0 pair of gloves (worn)
 I - the cursed +0 steam dragon scales "Overhang to Understand" (worn) {Fort, Self}
   (You found it on level 7 of the Dungeon)

   It has a curse which improves the following skills: Fortitude: Armour and
   Shields.
   Introspection: Fighting and Spellcasting.
Jewellery
 s - a ring of wizardry (left hand)
 v - the cursed amulet "Cursed With Me" (around neck) {Regen+, Cun, Self}
   (You found it on level 6 of the Dungeon)

   [amulet of regeneration]

   Regen:     It increases your rate of health regeneration.
   It has a curse which improves the following skills: Cunning: Dodging and
   Stealth.
   Introspection: Fighting and Spellcasting.
Wands
 u - a wand of digging (8)
Scrolls
 f - a scroll of magic mapping
 i - 3 scrolls of holy word
 m - 7 scrolls of teleportation
 p - a scroll of immolation
 y - a scroll of blinking
 C - a scroll of fear
 E - a scroll of enchant weapon
 H - a scroll of fog
Potions
 d - a potion of ambrosia
 e - 3 potions of curing
 h - 3 potions of mutation
 j - 2 potions of cancellation
 w - 3 potions of berserk rage
 x - 2 potions of attraction
 z - a potion of haste
 A - a potion of lignification
 F - a potion of might
 G - a potion of brilliance
 J - a potion of resistance


   Skills:
 * Level 8.9(10.2) Fighting
 - Level 2.1(2.8) Dodging
 + Level 6.5(7.4) Stealth
 * Level 0.9(1.4) Shields
 - Level 7.6(9.0) Spellcasting


You had 4 spell levels left.
You knew the following spells:

 Your Spells              Type           Power      Damage    Failure   Level
a - Magic Dart            Conj           100%       1d8       1%          1
b - Searing Ray           Conj           90%        2d7       1%          2
c - Fulminant Prism       Conj/Hex       22%        3d13      1%          4
d - Iskenderun's Mystic   Conj/Tloc      45%        2d10      1%          4
f - Swiftness             Air            45%        N/A       1%          3
i - Ignite Poison         Fire/Tmut/Pois 45%        N/A       1%          3
o - Apportation           Tloc           90%        N/A       1%          1
s - Passwall              Tmut/Erth      37%        N/A       1%          2
z - Dazzling Flash        Conj/Hex       90%        N/A       1%          3
Your spell library was empty.

Dungeon Overview and Level Annotations

Branches:
Dungeon (8/15)             Temple (0/1) D:4         Ossuary (visited)
   Lair: D:8-11

Altars:
Ashenzari
Cheibriados
Dithmenos
Elyvilon
Gozag
Makhleb
Nemelex Xobeh
Ru
Sif Muna
Uskayaw
Xom
The Shining One

Shops:
D:4 (   D:5 [

Annotations:
D:5 2 transporters, Shayle's ghost, novice DsWr


Innate Abilities, Weirdness & Mutations

You are immune to sickness and miasma.
You are immune to poison.
Your flesh is very heat resistant. (rF++)
You are vulnerable to cold. (rC-)
You float through the air rather than walking.
You learn spells naturally, not from books.
Your magical power is your life essence.
You have superior vitality. (+4 MHP)


Message History

Casting: Iskenderun's Mystic Blast (mildly dangerous; 1% risk of failure)
Confirm with . or Enter, or press ? or * to list all spells.
You erupt in a blast of force!
The mystic blast hits the boulder beetle.
The boulder beetle is severely wounded.
* * * LOW HITPOINT WARNING * * *
The boulder beetle bites you but does no damage.
You feel much better. The boulder beetle bites you!
* * * LOW HITPOINT WARNING * * *
Casting: Iskenderun's Mystic Blast (mildly dangerous; 1% risk of failure)
Confirm with . or Enter, or press ? or * to list all spells.
You erupt in a blast of force!
The mystic blast hits the boulder beetle.
The boulder beetle is severely wounded.
The boulder beetle is knocked back by the mystic blast.
* * * LOW HITPOINT WARNING * * *
Casting: Iskenderun's Mystic Blast (mildly dangerous; 1% risk of failure)
Confirm with . or Enter, or press ? or * to list all spells.
Aiming: Searing Ray (safe; 1% risk of failure)
Press: ? - help, Shift-Dir - straight line, f - boulder beetle
Aim: a boulder beetle (severely wounded, 100% to hit)
The searing ray hits the boulder beetle but does no damage.
The boulder beetle is severely wounded. (Press . to maintain the ray.)
* * * LOW HITPOINT WARNING * * *
The boulder beetle curls into a ball and begins rolling!
The searing ray hits the boulder beetle.
The boulder beetle is almost dead.
* * * LOW HITPOINT WARNING * * *
The searing ray hits the boulder beetle but does no damage.
The boulder beetle is almost dead.
* * * LOW HITPOINT WARNING * * *
The boulder beetle closely misses you.
The boulder beetle stops rolling and uncurls.
The searing ray hits the boulder beetle.
The boulder beetle is almost dead.
* * * LOW HITPOINT WARNING * * *
You finish channelling your searing ray.
The boulder beetle bites you!!
You die...

........#.# #.#
#.#
........#+###'####
#.#########
.................#
#..........
.................#
###########
.................#
................)#
.................#
########.........#
# #.......B@#
############..####
#............>..#
#.#######.......#
#......##.......#
#......##.[.....#
#......##.......#
#......##.......#
..##...##.......#


You could see a boulder beetle.

Vanquished Creatures
  A two-headed ogre (D:8)
  Grinder (D:5)
  Sigmund (D:6)
  A steam dragon (D:7)
  An ice beast (D:7)
  2 orc warriors (D:7)
  3 sky beasts
  2 ogres
  2 necrophages
  A black bear (D:6)
  4 bullfrogs
  A scorpion (D:5)
  A bullfrog zombie (D:5)
  2 centaur zombies (Ossuary)
  2 jellies
  3 orc priests
  3 bullfrog skeletons
  A gnoll shaman (D:6)
  4 iguanas
  6 orc wizards
  2 mummies (Ossuary)
  2 hound skeletons
  4 adders
  15 gnolls
  2 shadow imps
  2 white imps (D:6)
  An adder skeleton (D:4)
  2 worms (D:2)
  2 dart slugs
  21 orcs
  8 ball pythons
  6 bats
  8 endoplasms
  4 giant cockroaches
  5 goblins
  6 hobgoblins
  2 jackals (D:1)
  3 quokkas
  4 frilled lizards
  A gnoll zombie (Ossuary)
  2 goblin zombies (Ossuary)
  5 hobgoblin zombies (Ossuary)
  7 kobolds
  4 orc zombies (Ossuary)
  A quokka skeleton (D:4)
  4 rats
165 creatures vanquished.

Vanquished Creatures (others)
  11 fulminant prisms
11 creatures vanquished.

Grand Total: 176 creatures vanquished

Notes
Turn   | Place    | Note
-------+----------+-------------------------------------------
     0 | D:1      | porpoise the Djinni Conjurer began the quest for the Orb.
     0 | D:1      | Reached XP level 1. HP: 15/15 MP: 0/0
   329 | D:1      | Reached skill level 1 in Fighting
   329 | D:1      | Reached XP level 2. HP: 19/22 MP: 0/0
   396 | D:1      | Found a faded altar of an unknown god.
  1101 | D:1      | Reached XP level 3. HP: 25/27 MP: 0/0
  1101 | D:1      | Learned a level 1 spell: Apportation
  1903 | D:2      | Found a glowing golden altar of the Shining One.
  2118 | D:2      | Reached skill level 2 in Fighting
  2478 | D:2      | Reached XP level 4. HP: 28/33 MP: 0/0
  3436 | D:3      | Reached XP level 5. HP: 27/39 MP: 0/0
  3436 | D:3      | Learned a level 2 spell: Passwall
  3439 | D:3      | Reached skill level 3 in Fighting
  3665 | D:3      | Found a sparkling altar of Nemelex Xobeh.
  3665 | D:3      | Found a white marble altar of Elyvilon.
  3666 | D:3      | Found a shimmering altar of Xom.
  3667 | D:3      | Found a broken altar of Ashenzari.
  3667 | D:3      | Found a burning altar of Makhleb.
  3668 | D:3      | Found an opulent altar of Gozag.
  3669 | D:3      | Found a hide-covered altar of Uskayaw.
  3669 | D:3      | Found a snail-covered altar of Cheibriados.
  3670 | D:3      | Found a shadowy altar of Dithmenos.
  3678 | D:3      | Became a worshipper of Ashenzari the Shackled
  4424 | D:4      | Found Buasuk's Weapon Shoppe.
  4815 | D:4      | Found a staircase to the Ecumenical Temple.
  4860 | D:4      | Reached XP level 6. HP: 32/47 MP: 0/0
  5239 | D:4      | Noticed an ogre
  5247 | D:4      | Killed an ogre
  5248 | D:4      | Reached skill level 4 in Fighting
  5341 | D:4      | Reached XP level 7. HP: 46/53 MP: 0/0
  5341 | D:4      | Learned a level 3 spell: Swiftness
  5916 | D:4      | Reached skill level 5 in Spellcasting
  6077 | D:4      | You are sucked into a shaft and drop 2 floors!
  6132 | D:6      | Found a sand-covered staircase.
  6233 | Ossuary  | Entered an ossuary
  6649 | Ossuary  | Reached skill level 5 in Fighting
  6906 | D:6      | Noticed Sigmund
  6910 | D:6      | Killed Sigmund
  6911 | D:6      | Reached XP level 8. HP: 46/60 MP: 0/0
  7048 | D:5      | Entered Level 5 of the Dungeon
  7048 | D:5      | Noticed Grinder
  7053 | D:5      | Killed Grinder
  7054 | D:5      | Reached skill level 6 in Fighting
  7447 | D:5      | Found Bukhlepo's Armour Shop.
  7598 | D:5      | Identified a scroll of acquirement
  7599 | D:5      | Acquired a manual of Stealth
  7664 | D:5      | Reached XP level 9. HP: 60/67 MP: 0/0
  7664 | D:5      | Learned a level 3 spell: Ignite Poison
  7741 | D:5      | Noticed Shayle's ghost (novice DsWr)
  7761 | D:5      | Found a transporter.
  7773 | D:5      | Found a transporter.
  7944 | D:5      | Reached skill level 7 in Fighting
  8477 | D:6      | Found a sacrificial altar of Ru.
  8928 | D:7      | Reached * piety under Ashenzari
  9017 | D:7      | Reached skill level 5 in Stealth
  9440 | D:7      | Reached skill level 8 in Fighting
 10204 | D:8      | Noticed a two-headed ogre
 10213 | D:8      | Killed a two-headed ogre
 10214 | D:8      | Reached XP level 10. HP: 36/80 MP: 0/0
 10373 | D:8      | Noticed a boulder beetle
 10693 | D:7      | HP: 2/80 [boulder beetle (26)]
 10702 | D:7      | Mangled by a boulder beetle

Illustrated notes

Levels and vault maps discovered:
D:1:      evilmike_arrival_hilbert_curve, layout_basic,
          dreamdust_ecumenical_altar_statues
D:2:      layout_basic, basic_altar
D:3:      layout_loops_corners, nicolae_overflows_in_rows,
          mrwooster_statue_mirror, columned_hall_lemuel
D:4:      layout_basic, temple_pool_b, serial_shops, shop, minmay_quadrilaterals
D:5:      layout_loops_ring, serial_shops, shop, gammafunk_ghost_arena,
          uniq_grinder
D:6:      layout_rooms, mainiacjoe_overflow_surrounded_room, enter_ossuary_1,
          hangedman_decor_riveting, uniq_sigmund
D:7:      layout_basic
D:8:      layout_layer_cave, nicolae_overflow_crystal_walls, st_stairs_9

Skill      XL: |  1  2  3  4  5  6  7  8  9 |
---------------+----------------------------+-----
Fighting       | 1 2 3 4 5 6 8 |  8.9
Spellcasting   | 4 5 6 7 |  7.6
Stealth        | 2 3 6 |  6.5
Dodging        | |  2.1
Shields        | |  0.9

Action                   |  1- 3 |  4- 6 |  7- 9 | 10-12 || total
-------------------------+-------+-------+-------+-------++-------
 Fire: Hunting sling     |       |    29 |   112 |     2 ||   143
Throw: Dart              |       |       |     2 |     1 ||     3
 Cast: Magic Dart        |    72 |    11 |     9 |       ||    92
       Searing Ray       |     3 |    26 |    63 |     5 ||    97
       Fulminant Prism   |       |     1 |     7 |     3 ||    11
       Iskenderun's Myst |       |       |    11 |    16 ||    27
       Ignite Poison     |       |       |     1 |       ||     1
Invok: Curse Item        |       |       |     2 |       ||     2
  Use: Scroll            |       |    12 |     6 |     1 ||    19
       Potion            |       |       |       |     3 ||     3
Armor: Robe              |     3 |     1 |    12 |       ||    16
       Steam dragon scal |       |       |     2 |     7 ||     9
Dodge: Dodged            |     7 |     3 |    38 |     4 ||    52
Block: Buckler           |       |       |     3 |     3 ||     6

Table legend: (Time is in decaauts)
 A = Elapsed time spent in this place.
 B = Non-inter-level travel time spent in this place.
 C = Inter-level travel time spent in this place.
 D = Time resting spent in this place.
 E = Time spent auto-exploring this place.
 F = Levels seen in this place.
 G = Mean time per level.
                   A        B        C        D        E       F      G
               +--------+--------+--------+--------+--------+-----+--------+
         Total |  10730 |  10284 |    446 |   4148 |   4771 |   9 | 1192.2 |
       Dungeon |  10117 |   9671 |    446 |   3774 |   4660 |   8 | 1264.6 |
       Ossuary |    612 |    612 |      0 |    374 |    111 |   1 |  612.0 |
               +--------+--------+--------+--------+--------+-----+--------+

Top non-repeatable levels by time:
     D:4: 1991 daAuts
     D:7: 1745 daAuts
     D:1: 1565 daAuts
     D:3: 1537 daAuts
     D:2: 1320 daAuts
     D:5: 969 daAuts
     D:6: 765 daAuts
 Ossuary: 612 daAuts
     D:8: 223 daAuts
